 Dungeon Crawl Stone Soup version 0.31-a0-1496-g79c7dd0eeb (webtiles) character file.

Game seed: 17449966234831849856

1659 Dirtsage the Changeling (level 9, -8/59 HPs)
             Began as an Octopode Shapeshifter on Dec 29, 2023.
             Was an Initiate of the Shining One.
             Mangled by an orc warrior
             ... wielding a +0 dire flail
              (14 damage)
             ... on level 7 of the Dungeon.
             The game lasted 00:13:22 (6553 turns).

Dirtsage the Changeling (Octopode Shapeshifter)     Turns: 6553, Time: 00:13:23

Health: -8/59      AC:  1    Str: 13    XL:     9   Next: 0%
Magic:  9/9        EV: 15    Int: 18    God:    the Shining One [......]
Gold:   281        SH:  0    Dex: 16    Spells: 5/8 levels left

rFire   + +          .
                       - Unarmed
rCold   . . .        (no shield)
rNeg    + . .        (helmet currently unavailable)
rPois   .            (no amulet)
rElec   .            N - ring of positive energy
rCorr   .            p - +6 ring of intelligence
SInv    .            F - ring of protection from fire
Will    .....        v - ring of protection from fire
Stlth   +            (no ring)
HPRegen 0.29/turn    (no ring)
MPRegen 0.11/turn    (no ring)
                     (no ring)

%: no passive effects
@: beast-form, glowing
A: beast (slay +3), almost no armour, amphibious, 8 rings, camouflage 1,
gelatinous body 1, (nimble swimmer 1), tentacles
a: Begin Untransformation, Renounce Religion


You were on level 7 of the Dungeon.
You worshipped the Shining One.
The Shining One was noncommittal.
You were a hulking beast.
You visited 2 branches of the dungeon, and saw 8 of its levels.

You collected 281 gold pieces.

Inventory:

Magical Staves
 f - a staff of air
Jewellery
 p - a +6 ring of intelligence (right tentacle)
 v - a ring of protection from fire (on tentacle)
 F - a ring of protection from fire (on tentacle)
 N - a ring of positive energy (left tentacle)
Talismans
 b - a beast talisman
 c - a flux talisman
 g - a storm talisman
 s - a blade talisman
Wands
 D - a wand of digging (4)
Scrolls
 i - a scroll of identify
 j - a scroll of silence
 k - a scroll of acquirement
 n - 2 scrolls of revelation
 o - 2 scrolls of poison {unknown}
 r - a scroll of amnesia {unknown}
 t - 2 scrolls of teleportation
 u - 4 scrolls of vulnerability
Potions
 a - 2 potions of lignification
 d - a potion of might
 e - a potion of brilliance
 h - 2 potions of haste
 l - 2 potions of heal wounds
 m - a potion of enlightenment
 q - 2 potions of curing
 w - a potion of cancellation {unknown}


   Skills:
 + Level 4.6 Fighting
 + Level 4.9 Dodging
 + Level 5.4 Unarmed Combat
 + Level 3.4 Ice Magic
 * Level 6.8 Shapeshifting


You had 5 spell levels left.
You knew the following spells:

 Your Spells              Type           Power      Damage    Failure   Level
b - Frozen Ramparts       Ice            24%        1d4       16%         3

Your spell library contained the following spells:

 Spells                   Type           Power      Damage    Failure   Level
 Freeze                   Ice            48%        1d6       5%          1
 Shock                    Conj/Air       0%         1d3       22%         1
 Hailstorm                Conj/Ice       6%         3d5       32%         3
 Swiftness                Air            0%         N/A       54%         3
 Airstrike                Air            0%         2d(0-16)  91%         4


Dungeon Overview and Level Annotations

Branches:
Dungeon (7/15)             Temple (1/1) D:6

Altars:
Ashenzari
Dithmenos
Elyvilon
Gozag
Hepliaklqana
Kikubaaqudgha
Makhleb
Nemelex Xobeh
Okawaru
Uskayaw
Vehumet
Wu Jian
The Shining One

Annotations:
D:3 1 runed translucent door, Takeo's ghost, amateur SpSh
D:6 2 runed translucent doors
D:7 Jeremiah


Innate Abilities, Weirdness & Mutations

You are a hulking beast.
Your limbs bulge with bestial killing power. (Slay +3)
You cannot wear most types of armour.
You are amphibious.
You can wear up to eight rings at the same time.
Your skin changes colour to match your surroundings (Stealth+).
Your rubbery body absorbs attacks. (AC +1, EV +1)
((You are camouflaged when in or above water. (Stealth+)))
You have tentacles for arms and can constrict up to eight enemies at once.


Message History

You regained 11 hp, and now have 54/59 hp.
Things that are here:
a +2 dagger of protection; a +0 robe 2 orcs come into view.
The orc moves out of view.
Health restored: 59 The orc shouts!
No target in view!
No target in view!
The orc warrior shouts!
The orc warrior hits you with a +0 dire flail!!
The orc shouts!
You take 22 damage, and have 37/59 hp.
MASSIVE DAMAGE!!
The orc barely misses you.
The orc warrior attacks as it pursues you!
The orc warrior hits you with a +0 dire flail!
You take 15 damage, and have 22/59 hp.
MASSIVE DAMAGE!!
You swing at nothing.
You bludgeon the orc warrior! You grab the orc warrior.
Your squeeze misses the orc warrior.
The orc warrior is moderately wounded.
You constrict the orc warrior, but do no damage.
The orc warrior hits you with a +0 dire flail.
* * * LOW HITPOINT WARNING * * *
You take 6 damage, and have 17/59 hp.
You tentacle-slap the orc warrior.
The orc warrior is moderately wounded.
You constrict the orc warrior.
The orc warrior hits you with a +0 dire flail!
* * * LOW HITPOINT WARNING * * *
You take 12 damage, and have 5/59 hp.
MASSIVE DAMAGE!!
You tentacle-slap the orc warrior.
The orc warrior is severely wounded.
You constrict the orc warrior. The orc warrior barely misses you.
You tentacle-slap the orc warrior but do no damage.
You squeeze the orc warrior!
The orc warrior is almost dead.
You constrict the orc warrior, but do no damage.
The orc warrior hits you with a +0 dire flail!
You die...

#. #...........<..
####.##..............
.........#.#####.....
......##............# ..
#.#...............
(..####.#.#.####.##..#.#
........................
.............##..###.###
.#####h#.#.###..# #.###
#..#####o#.#.# #..###.)..
#......oo....# #......###
#............# #......###
#............# #.........
............<.###......##.
##.#.####?.............##.
# #. ####..###......### #
..# #..###.#


You could see an orc warrior and 2 orcs.

Vanquished Creatures
  Maggie (D:6)
  A water moccasin (D:6)
  An ice beast (D:7)
  A sky beast (D:7)
  An orc warrior (D:6)
  A black bear (D:6)
  A centaur (D:5)
  2 scorpions
  A bullfrog (D:7)
  3 wights (D:6)
  2 bombardier beetles
  2 sleepcaps (D:5)
  An orc wizard (D:7)
  3 iguanas
  7 gnolls
  9 adders
  A shadow imp (D:6)
  A white imp (D:5)
  2 ufetubi (D:6)
  3 worms
  A dart slug (D:1)
  9 orcs
  10 ball pythons
  5 bats
  9 endoplasms
  4 giant cockroaches
  9 goblins
  7 hobgoblins
  9 kobolds
  3 quokkas
  A frilled lizard (D:1)
  6 rats
117 creatures vanquished.

Notes
Turn   | Place    | Note
-------+----------+-------------------------------------------
     0 | D:1      | Dirtsage the Octopode Shapeshifter began the quest for the
                  | Orb.
     0 | D:1      | Reached XP level 1. HP: 13/13 MP: 1/1
    91 | D:1      | Reached XP level 2. HP: 18/18 MP: 2/2
   257 | D:1      | Reached XP level 3. HP: 23/23 MP: 3/3
   723 | D:2      | Identified the +1 sling "Zoong" {speed, Will+ Str+3}
   964 | D:2      | Reached XP level 4. HP: 29/29 MP: 4/4
  1504 | D:2      | Identified a scroll of acquirement
  1572 | D:3      | Reached skill level 4 in Shapeshifting
  1580 | D:3      | Reached XP level 5. HP: 28/34 MP: 5/5
  1784 | D:3      | Reached XP level 6. HP: 8/41 MP: 6/6
  2317 | D:3      | Learned a level 3 spell: Frozen Ramparts
  2403 | D:3      | Found a runed translucent door.
  2502 | D:3      | Noticed Takeo's ghost (amateur SpSh)
  3077 | D:5      | Entered Level 5 of the Dungeon
  3212 | D:5      | Reached skill level 1 in Ice Magic
  3422 | D:5      | Reached skill level 5 in Shapeshifting
  3422 | D:5      | Reached XP level 7. HP: 46/46 MP: 7/7
  4244 | D:6      | Found a staircase to the Ecumenical Temple.
  5012 | D:6      | Reached XP level 8. HP: 54/54 MP: 8/8
  5065 | Temple   | Entered the Ecumenical Temple
  5096 | Temple   | Became a worshipper of the Shining One
  5138 | D:6      | Found an ancient bone altar of Kikubaaqudgha.
  5294 | D:6      | Reached skill level 6 in Shapeshifting
  5405 | D:6      | Found an opulent altar of Gozag.
  5429 | D:6      | Noticed Maggie
  5447 | D:6      | Killed Maggie
  5448 | D:6      | Reached skill level 5 in Unarmed Combat
  5649 | D:6      | Found a runed translucent door.
  5651 | D:6      | Found a runed translucent door.
  6270 | D:7      | Noticed Jeremiah
  6472 | D:7      | Reached XP level 9. HP: 43/59 MP: 9/9
  6553 | D:7      | Mangled by an orc warrior

Illustrated notes

Levels and vault maps discovered:
D:1:      eino_arrival_water_cross, layout_rooms, nrook_mini_backslash
D:2:      layout_basic
D:3:      minmay_wonky_spiral, layout_loops_ring, ebering_ghost_reflecting_pool
D:4:      layout_gridville
D:5:      layout_gridville, nicolae_elevator_lobby_asterisk
D:6:      lemuel_insect_pit, layout_loops_corners, lemuel_doored_altar,
          nicolae_gozag_cash_rules_everything_around_me,
          minmay_temple_entry_slanted, minmay_crystal_room, uniq_maggie
D:7:      layout_basic, lemuel_tele_altar, dk_rats_in_the_wall, uniq_jeremiah
Temple:   grunt_temple_mini_profane

Skill      XL: |  1  2  3  4  5  6  7  8 |
---------------+-------------------------+-----
Fighting       | 2 3 4 |  4.6
Shapeshifting  | 4 5 6 |  6.8
Dodging        | 3 4 |  4.9
Unarmed Combat | 4 5 |  5.4
Ice Magic      | 1 2 3 |  3.4

Action                     |  1- 3 |  4- 6 |  7- 9 || total
---------------------------+-------+-------+-------++-------
  Melee: Unarmed           |    73 |    96 |   123 ||   292
         Constrict         |    19 |    20 |    26 ||    65
         Tentacles         |     8 |    21 |    38 ||    67
         Punch             |     2 |     4 |     6 ||    12
   Cast: Frozen Ramparts   |       |       |     1 ||     1
    Use: Scroll            |       |    11 |     5 ||    16
         Potion            |       |     1 |     1 ||     2
   Stab: Sleeping          |    10 |     7 |     2 ||    19
 Armour: Skin              |    21 |    44 |    64 ||   129
  Dodge: Dodged            |    35 |    53 |    63 ||   151

Table legend: (Time is in decaauts)
 A = Elapsed time spent in this place.
 B = Non-inter-level travel time spent in this place.
 C = Inter-level travel time spent in this place.
 D = Time resting spent in this place.
 E = Time spent auto-exploring this place.
 F = Levels seen in this place.
 G = Mean time per level.
                   A        B        C        D        E       F      G
               +--------+--------+--------+--------+--------+-----+--------+
         Total |   6531 |   6108 |    423 |    420 |   4548 |   8 |  816.4 |
       Dungeon |   6474 |   6075 |    399 |    420 |   4548 |   7 |  924.9 |
        Temple |     56 |     32 |     24 |      0 |      0 |   1 |   56.0 |
               +--------+--------+--------+--------+--------+-----+--------+

Top non-repeatable levels by time:
     D:6: 1564 daAuts
     D:5: 1398 daAuts
     D:3: 1095 daAuts
     D:2: 957 daAuts
     D:1: 581 daAuts
     D:4: 473 daAuts
     D:7: 404 daAuts
  Temple: 56 daAuts
